 Dungeon Crawl Stone Soup version 0.30.1-11-g7821555f0a (webtiles) character file.

Game seed: 9653315085410130440

20030 porpoise the Geomancer (level 12, 0/72 HPs)
             Began as a Gargoyle Earth Elementalist on Dec 14, 2023.
             Was an Elder of Sif Muna.
             Killed by divine providence
             ... invoked by a smoke demon
              (8 damage)
             ... in a volcano on Dec 15, 2023.
             The game lasted 01:14:39 (14909 turns).

porpoise the Geomancer (GrEE)                      Turns: 14909, Time: 01:14:44

Health: 0/72       AC: 21    Str: 13    XL:     12   Next: 75%
Magic:  18/28      EV: 18    Int: 20    God:    Sif Muna [****..]
Gold:   776        SH:  6    Dex: 10    Spells: 1/21 levels left

rFire   . . .        b - +0 sling
rCold   . . .        l - +1 buckler
rNeg    + . .        M - +0 steam dragon scales
rPois   ∞            Q - +1 helmet
rElec   +            V - +0 cloak
rCorr   .            U - +2 pair of gloves
SInv    .            o - +1 pair of boots
Will    .....        (no amulet)
Stlth   +++          i - +5 ring of evasion
HPRegen 0.32/turn    w - ring of magical power
MPRegen 0.21/turn

%: no passive effects
@: no status effects
A: sickness immunity, AC +8, negative energy resistance 1, electricity
resistance, torment resistance 1, petrification resistance
a: Renounce Religion, Channel Magic, Forget Spell, Divine Exegesis


You were in a volcano.
You worshipped Sif Muna.
Sif Muna was greatly pleased with you.
You visited 3 branches of the dungeon, and saw 14 of its levels.
You also visited: Volcano.

You collected 776 gold pieces.

Inventory:

Hand Weapons
 a - a +3 short sword of venom
 b - a +0 sling (weapon)
Missiles
 x - 2 boomerangs of dispersal
 C - 2 curare-tipped darts
Armour
 l - a +1 buckler (worn)
 o - a +1 pair of boots (worn)
 M - +0 steam dragon scales (worn)
 Q - a +1 helmet (worn)
 U - a +2 pair of gloves (worn)
 V - a +0 cloak (worn)
Jewellery
 c - a ring of willpower
 i - a +5 ring of evasion (left hand)
 w - a ring of magical power (right hand)
Wands
 A - a wand of iceblast (6)
 B - a wand of polymorph (1)
 D - a wand of mindburst (10)
 I - a wand of flame (4)
 K - a wand of quicksilver (21)
Scrolls
 d - 5 scrolls of teleportation
 m - a scroll of summoning
Potions
 e - 4 potions of curing
 g - 2 potions of ambrosia
 h - 5 potions of lignification
 k - 4 potions of attraction
 u - 2 potions of resistance
 v - 3 potions of heal wounds
 N - 2 potions of might
 P - 4 potions of invisibility
 R - 2 potions of brilliance {unknown}
 T - 2 potions of haste {unknown}
 W - a potion of flight {unknown}


   Skills:
 - Level 7.0 Fighting
 - Level 7.0 Dodging
 - Level 7.0 Stealth
 - Level 5.0 Shields
 - Level 5.0 Spellcasting
 + Level 9.0 Conjurations
 - Level 5.0 Transmutations
 + Level 6.4 Fire Magic
 - Level 9.0 Earth Magic
 + Level 8.5 Invocations
 - Level 5.0 Evocations


You had one spell level left.
You knew the following spells:

 Your Spells              Type           Power      Damage    Failure   Level
a - Sandblast             Erth           82%        2d17      1%          1
b - Stone Arrow           Conj/Erth      82%        3d12      1%          3
d - Iron Shot             Conj/Erth      20%        9d5       50%         6
f - Fireball              Conj/Fire      18%        3d9       17%         5
r - Irradiate             Conj/Tmut      16%        3d17      24%         5

Your spell library contained the following spells:

 Spells                   Type           Power      Damage    Failure   Level
 Foxfire                  Conj/Fire      100%       2x1d9     1%          1
 Passwall                 Tmut/Erth      27%        N/A       1%          2
 Dazzling Flash           Conj/Hex       46%        N/A       7%          3
 Petrify                  Tmut/Erth      33%        N/A       9%          4
 Ignite Poison            Fire/Tmut/Pois 20%        N/A       10%         3
 Iskenderun's Battlesphe  Conj           41%        2d9       11%         5
 Spider Form              Tmut/Pois      15%        N/A       16%         3
 Ensorcelled Hibernation  Hex/Ice        10%        N/A       22%         2
 Ozocubu's Armour         Ice            5%         N/A       41%         3
 Starburst                Conj/Fire      18%        6d7       67%         6
 Freezing Cloud           Conj/Ice/Air   8%         6-21      77%         5
 Anguish                  Hex/Necr       2%         N/A       83%         4
 Cause Fear               Hex            2%         N/A       83%         4
 Agony                    Necr           5%         N/A       99%         5
 Metabolic Englaciation   Hex/Ice        2%         N/A       99%         5
 Silence                  Hex/Air        2%         N/A       99%         5
 Plasma Beam              Fire/Air       8%         2x1d21    99%         6
 Simulacrum               Ice/Necr       2%         N/A       100%        6
 Enfeeble                 Hex            2%         N/A       100%        7
 Spellforged Servitor     Conj/Summ      11%        N/A       100%        7
 Cigotuvi's Dreadful Rot  Necr/Pois/Air  Unusable   N/A       N/A         2
 Sublimation of Blood     Necr           Unusable   N/A       N/A         2

Dungeon Overview and Level Annotations

Branches:
Dungeon (10/15)            Temple (1/1) D:7            Lair (3/5) D:9
  Swamp (0/4) Lair:2        Snake (0/4) Lair:2      Volcano (1/1)
    Orc: D:9-12

Altars:
Ashenzari
Cheibriados
Dithmenos
Elyvilon
Fedhas
Gozag
Hepliaklqana
Kikubaaqudgha
Makhleb
Nemelex Xobeh
Okawaru
Qazlal
Ru
Sif Muna
Trog
Uskayaw
Vehumet
Wu Jian
Xom
Yredelemnul
Zin
The Shining One

Shops:
D:7 (*

Annotations:
Lair:1 3 runed translucent doors, Loveship's ghost, journeyman DgCj
Lair:2 exclusion: oklob plant


Innate Abilities, Weirdness & Mutations

You are immune to sickness and miasma.
Your stone body is resilient. (AC +8)
You are immune to poison.
You resist negative energy. (rN+)
You are resistant to electric shocks. (rElec)
You are resistant to unholy torment.
You are immune to petrification.


Message History

Casting: Sandblast (safe; 1% risk of failure)
Confirm with . or Enter, or press ? or * to list all spells.
Aiming: Sandblast (safe; 1% risk of failure)
Press: ? - help, Shift-Dir - straight line, f/p - steam dragon
Aim: a steam dragon (almost dead, 85% to hit)
The blast of sand hits the steam dragon.
You kill the steam dragon!
Sif Muna accepts your kill.
The lindwurm roars!
The lindwurm breathes flames at you. The blast of flame hits you!!
A hell hound comes into view.
Casting: Sandblast (safe; 1% risk of failure)
Confirm with . or Enter, or press ? or * to list all spells.
You can't see any susceptible monsters within range! (Use Z to cast anyway.) Unknown command.
Casting: Sandblast (safe; 1% risk of failure)
Confirm with . or Enter, or press ? or * to list all spells.
Aiming: Stone Arrow (safe; 1% risk of failure)
Press: ? - help, Shift-Dir - straight line, f - lindwurm
Aim: a lindwurm (catching its breath, 89% to hit)
The stone arrow hits the lindwurm!
The lindwurm is moderately wounded.
The lindwurm breathes flames at you. The blast of flame hits you!!
The hell hound breathes flames at you. The blast of flame hits you.
* * * LOW HITPOINT WARNING * * *
The smoke demon gestures at you. Something smites you!
* * * LOW HITPOINT WARNING * * *
The air fills with toxic fumes!
As you read the scroll of poison, it crumbles to dust.
The hell hound attacks as you move away!
You block the hell hound's attack.
The hell hound is engulfed in poison gas.
The hell hound is poisoned.
The smoke demon gestures at you. Something smites you!
You die...

###.........####
##....#....#..#.##
##...###§§§###....####
#..∩..#.§§§§§###.....##
##...##.§§§§§§###.....##
##∩###..§§§§§§###.....##
### #####§§§§§###.....##
#§§§§§###......#
##§§§§@§#.§....#
##§§.h§§....§.#
#§§§§k§##......#
##§§§§####.§....#
#§§.§§# ##§§....#
#§§§3§# ##..... #§§§§.#
..... ##§§§§§# ...
###§§§§.


You could see a lindwurm, a smoke demon and a hell hound (poisoned).

Vanquished Creatures
  A two-headed ogre (D:9)
  9 elephants
  Joseph (D:7)
  A smoke demon (Volcano)
  A black mamba (Lair:3)
  A torpor snail (D:9)
  4 cane toads
  5 komodo dragons
  A rime drake (Lair:1)
  A troll (D:10)
  Grinder (D:3)
  4 blink frogs (Lair:2)
  A wraith (D:10)
  19 yaks
  5 steam dragons
  6 wyverns
  2 basilisks (Lair:1)
  Eustachio (D:4)
  Menkaure (D:4)
  Edmund (D:4)
  An acid dragon (D:9)
  2 nagas (Lair:2)
  Duvessa (D:7)
  2 water moccasins
  An orc warrior (D:9)
  An ice beast (D:6)
  2 black bears
  2 sky beasts
  2 centaurs
  A phantom (D:6)
  3 kobold brigands
  15 bullfrogs
  A gnoll sergeant (D:10)
  A scorpion (D:5)
  9 wights
  24 killer bees
  Dowan (D:7)
  6 electric eels (D:10)
  2 howler monkeys
  4 orc priests
  3 hounds
  5 jellies
  Terence (D:3)
  An iguana (D:4)
  6 orc wizards
  18 gnolls
  A river rat (Lair:1)
  9 adders
  16 white imps
  4 ufetubi
  2 worms (D:3)
  A dart slug (D:3)
  35 orcs
  5 ball pythons
  5 endoplasms
  3 giant cockroaches
  9 goblins
  9 hobgoblins
  11 jackals
  27 kobolds
  6 quokkas
  2 bats
  2 frilled lizards
  11 rats
  A butterfly (D:7)
340 creatures vanquished.

Vanquished Creatures (others)
  An orc wizard (D:6)
1 creature vanquished.

Grand Total: 341 creatures vanquished

Notes
Turn   | Place    | Note
-------+----------+-------------------------------------------
     0 | D:1      | porpoise the Gargoyle Earth Elementalist began the quest
                  | for the Orb.
     0 | D:1      | Reached XP level 1. HP: 10/10 MP: 3/3
   125 | D:1      | Reached XP level 2. HP: 15/15 MP: 5/5
   590 | D:1      | Reached XP level 3. HP: 19/19 MP: 4/6
   639 | D:1      | Learned a level 3 spell: Stone Arrow
  1161 | D:2      | Reached skill level 1 in Conjurations
  1212 | D:2      | Reached XP level 4. HP: 10/24 MP: 4/7
  1704 | D:2      | Reached skill level 5 in Earth Magic
  1704 | D:2      | Reached XP level 5. HP: 16/28 MP: 1/8
  1819 | D:2      | Identified the +0 chain mail of Courage {Str-2 Dex+5}
  1921 | D:3      | Noticed Terence
  1921 | D:3      | You fall into a shaft and drop 1 floor!
  1948 | D:4      | Noticed Eustachio
  1954 | D:4      | Killed Eustachio
  1955 | D:4      | Reached XP level 6. HP: 21/32 MP: 2/9
  2310 | D:3      | Killed Terence
  2896 | D:3      | Reached XP level 7. HP: 36/36 MP: 10/10
  2919 | D:3      | Noticed Grinder
  2949 | D:3      | Killed Grinder
  3113 | D:3      | Reached XP level 8. HP: 48/48 MP: 10/14
  3541 | D:4      | Noticed Edmund
  3546 | D:4      | Killed Edmund
  3695 | D:4      | Noticed Menkaure
  3699 | D:4      | Killed Menkaure
  3700 | D:4      | Reached skill level 5 in Dodging
  4116 | D:5      | Entered Level 5 of the Dungeon
  4341 | D:5      | Reached XP level 9. HP: 52/52 MP: 16/16
  4555 | D:5      | Identified the +0 scale mail of Iripai {rC+++ Int+3 Stlth-}
  4773 | D:5      | Reached skill level 5 in Spellcasting
  5405 | D:6      | Reached skill level 5 in Fighting
  5405 | D:6      | Reached skill level 5 in Shields
  5745 | D:7      | Found Ruaph's Antique Weapon Shoppe.
  5798 | D:7      | Found Uheim's Elemental Accessories.
  5830 | D:7      | Reached skill level 1 in Evocations
  5842 | D:7      | Noticed Duvessa
  5845 | D:7      | Noticed Dowan
  5848 | D:7      | Killed Duvessa
  5853 | D:7      | Killed Dowan
  6011 | D:7      | Reached XP level 10. HP: 26/59 MP: 17/17
  6330 | D:7      | Found a staircase to the Ecumenical Temple.
  6335 | Temple   | Entered the Ecumenical Temple
  6520 | Temple   | Became a worshipper of Sif Muna the Loreminder
  6746 | D:7      | Noticed Joseph
  6875 | D:7      | Killed Joseph
  7921 | D:8      | Reached skill level 1 in Invocations
  8146 | D:8      | Reached * piety under Sif Muna
  8507 | D:9      | Reached XP level 11. HP: 63/63 MP: 16/18
  8705 | D:9      | Found a staircase to the Lair.
  8959 | D:9      | Reached skill level 5 in Evocations
  8982 | D:9      | Learned a level 5 spell: Irradiate
  8988 | D:9      | Learned a level 5 spell: Fireball
  9109 | D:9      | Noticed a two-headed ogre
  9113 | D:9      | Killed a two-headed ogre
  9425 | D:9      | Reached ** piety under Sif Muna
  9543 | D:10     | Entered Level 10 of the Dungeon
  9714 | D:10     | Reached skill level 5 in Transmutations
  9966 | D:10     | Reached skill level 1 in Fire Magic
 10467 | D:10     | Reached skill level 5 in Invocations
 10516 | D:10     | Found a broken altar of Ashenzari.
 11150 | Lair:1   | Entered Level 1 of the Lair of Beasts
 11489 | Lair:1   | Found a frozen archway.
 11494 | Lair:1   | Reached *** piety under Sif Muna
 11618 | Lair:1   | Found a runed translucent gate.
 11618 | Lair:1   | Found a runed translucent gate.
 11618 | Lair:1   | Found a runed translucent gate.
 11619 | Lair:1   | Noticed a ten-headed hydra
 11619 | Lair:1   | Noticed Loveship's ghost (journeyman DgCj)
 11619 | Lair:1   | Noticed an 11-headed hydra
 11763 | Lair:1   | Reached XP level 12. HP: 72/72 MP: 19/19
 12041 | Lair:1   | Learned a level 6 spell: Iron Shot
 13058 | Lair:2   | Reached skill level 5 in Fire Magic
 13183 | Lair:2   | Found a staircase to the Swamp.
 13227 | Lair:2   | Found a staircase to the Snake Pit.
 13978 | Lair:2   | Found a bloodstained altar of Trog.
 14784 | Lair:3   | Found a dark tunnel.
 14800 | Lair:3   | Reached **** piety under Sif Muna
 14818 | Volcano  | Entered a volcano
 14909 | Volcano  | Killed from afar by a smoke demon

Illustrated notes

Levels and vault maps discovered:
D:1:      minmay_arrival_split_and_join, layout_basic
D:2:      layout_basic, minmay_misc_feat_square, st_stairs_4,
          minmay_rat_gold_closets
D:3:      layout_rooms, serial_undead, serial_undead_b, serial_undead_b,
          serial_undead_f, serial_undead_c, uniq_terence, uniq_grinder
D:4:      layout_gridville, minmay_misc_feat_plants, uniq_menkaure,
          uniq_eustachio, uniq_edmund
D:5:      layout_basic, grunt_decor_mini_mirrors, chequers_mini_garden
D:6:      layout_loops_ring
D:7:      layout_rooms, minmay_temple_entry_butterflies, serial_shops,
          kennysheep_mini_moat, nicolae_elemental_shop, serial_bayou_crossing,
          uniq_joseph, uniq_duvessa
D:8:      layout_loops_cross
D:9:      layout_loops_ring, erik_lair_dragon, lightli_bailey_entry_fortress
D:10:     layout_basic, nicolae_ashenzari_panopticon, serial_bayou_lake_a
Temple:   nicolae_temple_bog_church
Lair:1:   layout_small_grid, gammafunk_ghost_hydra_chop,
          portal_ice_cave_entry_imps, pond
Lair:2:   layout_small_grid, swamp_mist_pool, guppyfry_snake_entry_garden,
          lemuel_oklob_altar
Lair:3:   layout_misc_corridors, nicolae_volcano_entry_hallway,
          wad_woods_river_04, serial_bayou_shore_a, grunt_megastairs_3,
          infiniplex_staircase_pool_2
Volcano:  hellmonk_smoking_crater

Skill      XL: |  1  2  3  4  5  6  7  8  9 10 11 12 |
---------------+-------------------------------------+-----
Earth Magic    | 4 5 6 8 9 |  9.0
Conjurations   | 1 2 3 4 6 7 9 |  9.0
Stealth        | 3 4 6 7 |  7.0
Fighting       | 4 5 7 |  7.0
Dodging        | 4 5 6 7 |  7.0
Shields        | 4 5 |  5.0
Spellcasting   | 4 5 |  5.0
Transmutations | 4 5 |  5.0
Evocations     | 2 4 5 |  5.0
Invocations    | 2 6 8 |  8.5
Fire Magic     | 4 6 |  6.4

Action                     |  1- 3 |  4- 6 |  7- 9 | 10-12 || total
---------------------------+-------+-------+-------+-------++-------
  Melee: Dagger            |    51 |     9 |       |       ||    60
         Unarmed           |     4 |       |       |       ||     4
         Punch             |     1 |       |       |       ||     1
         Falchion          |       |    11 |    10 |       ||    21
         Rapier            |       |     2 |       |       ||     2
         Short sword       |       |       |    82 |   178 ||   260
   Fire: Sling             |       |       |       |   104 ||   104
   Cast: Sandblast         |    40 |    78 |   113 |   277 ||   508
         Stone Arrow       |       |     1 |    14 |    89 ||   104
         Irradiate         |       |       |       |     1 ||     1
  Evoke: Wand              |       |       |       |    13 ||    13
    Use: Scroll            |       |     6 |     5 |    17 ||    28
         Potion            |       |       |     3 |     2 ||     5
   Stab: Sleeping          |     3 |     2 |     4 |     3 ||    12
 Armour: Robe              |    14 |    26 |    40 |    31 ||   111
         Skin              |       |       |    12 |    58 ||    70
         Leather armour    |       |       |       |    52 ||    52
         Steam dragon scal |       |       |       |    97 ||    97
  Dodge: Dodged            |    46 |    56 |   128 |   438 ||   668
  Block: Buckler           |       |       |    33 |   149 ||   182
